 Dungeon Crawl Stone Soup version 0.20.0 (webtiles) character file.

214 FakerFangirl the Cudgeler (level 5, -1/45 HPs)
             Began as a Draconian Fighter on May 26, 2017.
             Slain by a bullfrog (2 damage)
             ... on level 4 of the Dungeon.
             The game lasted 00:03:58 (2811 turns).

FakerFangirl the Cudgeler (Draconian Fighter)       Turns: 2811, Time: 00:03:59

Health: -1/45      AC:  6    Str: 19    XL:     5   Next: 60%
Magic:  5/5        EV: 10    Int:  8    God:
Gold:   147        SH:  9    Dex: 11    Spells: 4/4 levels left

rFire    . . .     SeeInvis .   Y - +0 flail
rCold    . . .     Gourm    .   b - +0 shield
rNeg     . . .     Faith    .   (armour unavailable)
rPois    .         Spirit   .   (helmet restricted)
rElec    .         Reflect  .   o - +0 cloak
rCorr    .         Harm     .   (no gloves)
MR       .....                  (no boots)
Stlth    +.........             (no amulet)
Regen    0.2/turn               (no ring)
MPRegen  0.1/turn               (no ring)

@: lethally poisoned (-1 -> -3)
A: unfitting armour, cold-blooded, AC +5
a: no special abilities


You were on level 4 of the Dungeon.
You were not hungry.

You visited 1 branch of the dungeon, and saw 4 of its levels.

You collected 147 gold pieces.


Innate Abilities, Weirdness & Mutations

Your plain brown scales are hard. (AC +5)
You cannot fit into any form of body armour.
You are cold-blooded and may be slowed by cold attacks.


   Skills:
 - Level 3.2 Fighting
 + Level 5.9 Maces & Flails
 - Level 2.6 Dodging
 - Level 3.0 Shields


You had 4 spell levels left.
You didn't know any spells.

Inventory:

Hand Weapons
 Y - a +0 flail (weapon)
Missiles
 q - 3 javelins (quivered)
Armour
 b - a +0 shield (worn)
 o - a +0 cloak (worn)
Wands
 j - a wand of lightning (5/15)
Scrolls
 n - a scroll of identify
Potions
 c - a potion of might
 g - a potion of invisibility {unknown}
 h - 3 potions of curing
 l - a potion of degeneration {unknown}
 p - a potion of haste {unknown}
Comestibles
 a - 2 meat rations
 d - 4 bread rations
 k - 3 fruits
 r - a royal jelly

Dungeon Overview and Level Annotations

Branches:
Dungeon (4/15)
 Temple: D:4-7

Altars:
Gozag
Nemelex Xobeh
Okawaru
The Shining One


Message History

You feel sick.
The orc priest begins to cast a cantrip, but forgets the words!
2807 ||| Stepping ~*~*~tactically~*~*~ (outnumbered).
Your surroundings suddenly seem different.
A bullfrog comes into view.
Enter note: The helpless bullfrog fails to defend itself.
You hit the bullfrog.
The bullfrog is lightly wounded.
You feel sick. You block the bullfrog's attack. The bullfrog misses you.
You barely miss the bullfrog.
The bullfrog is lightly wounded.
You block the bullfrog's attack. The bullfrog hits you.
You closely miss the bullfrog.
The bullfrog is lightly wounded.
You block the bullfrog's attack. The bullfrog barely misses you.
You hit the bullfrog.
The bullfrog is moderately wounded.
You feel sick. The bullfrog hits you.
You die...

##.....##
.......#.
.........
.......#
#.....###
##........
#.......#
#.@.....#
#..F....#
##.....##
##...##
####


You could see a bullfrog.

Vanquished Creatures
  A hound (D:3)
  An orc wizard (D:3)
  A worker ant (D:3)
  6 adders
  A worm (D:2)
  2 dart slugs (D:2)
  5 leopard geckos
  3 orcs (D:3)
  A ball python (D:3)
  5 bats
  2 giant cockroaches
  5 hobgoblins
  6 jackals
  14 frilled lizards
  4 goblins
  9 kobolds
  4 rats
70 creatures vanquished.

Notes
Turn   | Place    | Note
-------+----------+-------------------------------------------
     0 | D:1      | FakerFangirl the Draconian Fighter began the quest for the Orb.
     0 | D:1      | Reached XP level 1. HP: 19/19 MP: 1/1
     0 | D:1      | 0 ||| counter = 35
   250 | D:1      | Reached XP level 2. HP: 21/26 MP: 2/2
   417 | D:1      | Reached skill level 3 in Maces & Flails
   886 | D:1      | 886 ||| UPGRADING to cloak.
   891 | D:1      | 891 ||| READING 2 scrolls labeled VUODERR LANUCS.
   892 | D:1      | 892 ||| DRINKING 2 murky golden potions.
   893 | D:1      | 893 ||| READING scroll of identify.
   893 | D:1      | 893 ||| IDENTIFYING twisted pearl amulet
   894 | D:1      | 894 ||| DROPPING cursed amulet of inaccuracy.
   895 | D:1      | 895 ||| DROPPING potion of cancellation.
   997 | D:2      | Reached XP level 3. HP: 19/31 MP: 3/3
  1421 | D:2      | Reached skill level 4 in Maces & Flails
  1427 | D:2      | 1427 ||| Stepping ~*~*~tactically~*~*~ (outnumbered).
  1523 | D:2      | Reached XP level 4. HP: 35/38 MP: 4/4
  1572 | D:2      | Found a sparkling altar of Nemelex Xobeh.
  1572 | D:2      | Found a faded altar of an unknown god.
  1581 | D:2      | Found a faded altar of an unknown god.
  1583 | D:2      | Found an opulent altar of Gozag.
  1591 | D:2      | Found a glowing golden altar of the Shining One.
  1979 | D:2      | 1979 ||| READING 2 scrolls labeled KIWOAX FUULLES.
  1993 | D:2      | 1993 ||| DRINKING 3 bubbling dark potions.
  1994 | D:2      | 1994 ||| DRINKING 2 white potions.
  2041 | D:2      | 2041 ||| READING 3 scrolls of identify.
  2041 | D:2      | 2041 ||| IDENTIFYING golden ring
  2042 | D:2      | 2042 ||| DROPPING cursed -2 ring of strength.
  2043 | D:2      | 2043 ||| READING 2 scrolls of identify.
  2043 | D:2      | 2043 ||| IDENTIFYING fuming coppery potion
  2044 | D:2      | 2044 ||| DROPPING potion of agility.
  2045 | D:2      | 2045 ||| DROPPING potion of lignification.
  2192 | D:3      | Reached skill level 5 in Maces & Flails
  2220 | D:3      | Reached XP level 5. HP: 24/45 MP: 5/5
  2439 | D:3      | Found an iron altar of Okawaru.
  2759 | D:3      | 2759 ||| READING scroll labeled APUXOT FET DUQ.
  2760 | D:3      | 2760 ||| READING scroll labeled FAXKUS VAIHIO.
  2761 | D:3      | 2761 ||| READING scroll labeled LIJIDEE JIGGI.
  2799 | D:4      | 2799 ||| Stepping ~*~*~tactically~*~*~ (outnumbered).
  2800 | D:4      | 2800 ||| Stepping ~*~*~tactically~*~*~ (outnumbered).
  2802 | D:4      | 2802 ||| Stepping ~*~*~tactically~*~*~ (outnumbered).
  2804 | D:4      | 2804 ||| Stepping ~*~*~tactically~*~*~ (outnumbered).
  2804 | D:4      | HP: 9/45 [worker ant (5)]
  2805 | D:4      | 2805 ||| READING scroll of teleportation.
  2806 | D:4      | 2806 ||| Stepping ~*~*~tactically~*~*~ (outnumbered).
  2807 | D:4      | 2807 ||| Stepping ~*~*~tactically~*~*~ (outnumbered).
  2809 | D:4      | HP: 2/45 [bullfrog (5)]
  2811 | D:4      | Slain by a bullfrog

Vault maps used:
D:1:      dpeg_arrival_stonehenge_8_columns, minmay_misc_feat_five
D:2:      chequers_temple_overflow_minitemple
D:3:      okawaru_metal_pillars_1_2
D:4:      yredelemnul_altar_generic, lightli_temple_of_fire,
          chequers_temple_overflow_statue_of_worship, serial_shops, shop,
          first_bread, serial_bayou_pond_d

Skill      XL: |  1  2  3  4 |
---------------+-------------+-----
Maces & Flails | 3 4 5 |  5.9
Fighting       | |  3.2
Dodging        | |  2.6
Shields        | |  3.0

Action                   |  1- 3 |  4- 6 || total
-------------------------+-------+-------++-------
Melee: Flail             |   106 |   120 ||   226
       Tailslap          |     7 |    10 ||    17
Throw: Javelin           |       |    23 ||    23
  Use: Scroll            |     2 |     7 ||     9
       Potion            |     1 |     2 ||     3
 Stab: Sleeping          |       |     1 ||     1
  Eat: Chunk             |     2 |     4 ||     6
Armor: Skin              |    28 |    42 ||    70
Dodge: Dodged            |    43 |    69 ||   112
Block: Shield            |    45 |    64 ||   109
